 Dungeon Crawl Stone Soup version 0.28-a0-1616-g050a50673c (webtiles) character file.

Game seed: 5163973588542268716

2499 Peloso the Protected (level 9, -5/78 HPs)
             Began as a Minotaur Fighter on Jan 22, 2022.
             Was an Elder of Okawaru.
             Slain by a vampire mosquito (7 damage)
             ... on level 7 of the Dungeon.
             The game lasted 00:08:54 (7043 turns).

Peloso the Protected (Minotaur Fighter)             Turns: 7043, Time: 00:08:55

Health: -5/78      AC:  9    Str: 23    XL:     9   Next: 28%
Magic:  8/8        EV: 11    Int:  5    God:    Okawaru [****..]
Gold:   248        SH:  5    Dex: 12    Spells: 8/8 levels left

rFire   . . .      SeeInvis .   a - +0 long sword
rCold   . . .      Faith    +   c - +0 buckler
rNeg    + . .      Spirit   .   o - +0 scale mail
rPois   .          Reflect  .   (helmet restricted)
rElec   .          Harm     .   (no cloak)
rCorr   .          Rampage  .   (no gloves)
Will    .....                   u - +0 pair of boots
Stlth   ..........              y - amulet of faith
HPRegen 0.23/turn               n - ring of positive energy
MPRegen 0.11/turn               (no ring)

@: no status effects
A: horns 2, retaliatory headbutt
a: Renounce Religion, Heroism, Finesse


You were on level 7 of the Dungeon.
You worshipped Okawaru.
Okawaru was greatly pleased with you.
You visited 2 branches of the dungeon, and saw 8 of its levels.

You collected 248 gold pieces.

Inventory:

Hand Weapons
 a - a +0 long sword (weapon)
 b - the +6 whip of Radicalism {vamp, Dex+5}
   (You found it on level 7 of the Dungeon)

   It occasionally heals its wielder for a portion of the damage dealt when it
   wounds a living foe.
   Dex:       It affects your dexterity (+5).
Armour
 c - a +0 buckler (worn)
 o - a +0 scale mail (worn)
 u - a +0 pair of boots (worn)
Jewellery
 n - a ring of positive energy (left hand)
 q - a ring of wizardry
 y - an amulet of faith (around neck)
 A - an amulet of regeneration
Wands
 m - a wand of iceblast (12)
Scrolls
 e - a scroll of teleportation
 f - 3 scrolls of fog
 h - a scroll of enchant armour
 k - 5 scrolls of holy word
 l - 2 scrolls of torment {unknown}
 r - 3 scrolls of blinking {unknown}
 t - a scroll of amnesia {unknown}
 v - a scroll of vulnerability {unknown}
 x - a scroll of immolation {unknown}
Potions
 d - a potion of might
 i - a potion of mutation
 j - a potion of flight {unknown}
 p - a potion of brilliance
 s - a potion of degeneration {unknown}
 w - a potion of ambrosia {unknown}
 z - a potion of haste


   Skills:
 + Level 6.6 Fighting
 + Level 9.1 Long Blades
 + Level 9.4 Armour
 + Level 4.0 Dodging
 + Level 1.1 Stealth
 + Level 5.5 Shields
 + Level 0.7 Invocations


You had 8 spell levels left.
You didn't know any spells.
Your spell library contained the following spells:

 Spells                   Type           Power      Damage    Failure   Level
 Freeze                   Ice            0%         1d3       83%         1
 Frozen Ramparts          Ice            0%         1d2       99%         3
 Hailstorm                Conj/Ice       0%         3d3       100%        4


Dungeon Overview and Level Annotations

Branches:
Dungeon (7/15)             Temple (1/1) D:4

Altars:
Ashenzari
Okawaru
Ru
Trog
Uskayaw
Wu Jian
Yredelemnul
Zin
The Shining One

Portals:
Abyss: D:3

Annotations:
D:3 2 transporters, paps's ghost, amateur OpFi
D:4 Volere volare


Innate Abilities, Weirdness & Mutations

You have a pair of horns on your head.
You reflexively headbutt those who attack you in melee.


Message History

* * * LOW HITPOINT WARNING * * *
The vampire mosquito draws strength from your injuries!
The vampire mosquito misses you. You furiously retaliate!
You headbutt the vampire mosquito. You hit the vampire mosquito.
The vampire mosquito is almost destroyed.
The vampire mosquito closely misses you.
The vampire mosquito barely misses you. You furiously retaliate!
You headbutt the vampire mosquito!
You destroy the vampire mosquito!
Okawaru accepts your kill.
The vampire mosquito bites you but does no damage.
Your Dodging skill increases to level 4!
You closely miss the vampire mosquito.
The vampire mosquito is lightly damaged.
The vampire mosquito bites you.
* * * LOW HITPOINT WARNING * * *
The vampire mosquito bites you!
* * * LOW HITPOINT WARNING * * *
The vampire mosquito draws strength from your injuries!
You hit the vampire mosquito.
The vampire mosquito is moderately damaged.
The vampire mosquito bites you but does no damage.
Unknown command.
You closely miss the vampire mosquito.
The vampire mosquito is moderately damaged.
The vampire mosquito barely misses you. The vampire mosquito bites you!
* * * LOW HITPOINT WARNING * * *
You hit the vampire mosquito but do no damage.
Your headbutt misses the vampire mosquito.
The vampire mosquito is moderately damaged.
The vampire mosquito bites you but does no damage.
You block the vampire mosquito's attack.
Unknown command.
Okay, then.
You slash the vampire mosquito!
The vampire mosquito is heavily damaged.
You block the vampire mosquito's attack.
The vampire mosquito bites you!
You die...

##..........##......$..y.#...
........................y#...
..............#..............
#....###..###........#.......
......##...##........#..<....
...........................#
..<........................#
..#.....#......y†#######...#
..#...#.#.......@#>### ..#
#...#....#..(......# ##
..................###
..........##..###.#
..>.....#### ### .##.... ...
...


You could see a vampire mosquito.

Vanquished Creatures
  A hornet (D:6)
  Prince Ribbit (D:6)
  A steam dragon (D:6)
  3 vampire mosquitoes (D:7)
  2 water moccasins
  Duvessa (D:6)
  2 ice beasts
  A sky beast (D:7)
  A hornet zombie (D:7)
  A centaur (D:6)
  2 phantoms
  A bullfrog (D:6)
  A scorpion (D:5)
  Dowan (D:6)
  A howler monkey (D:6)
  A bullfrog zombie (D:6)
  A centaur zombie (D:6)
  A hound (D:4)
  An orc priest (D:5)
  A centaur skeleton (D:5)
  3 iguanas
  3 orc wizards
  A scorpion zombie (D:5)
  A howler monkey skeleton (D:4)
  5 adders
  A white imp (D:6)
  2 worms
  5 dart slugs
  15 orcs
  5 bats
  11 endoplasms
  5 giant cockroaches
  2 goblins
  2 hobgoblins (D:1)
  2 jackals (D:4)
  10 kobolds
  2 quokkas
  6 ball pythons
  4 frilled lizards
  7 rats
117 creatures vanquished.

Notes
Turn   | Place    | Note
-------+----------+-------------------------------------------
     0 | D:1      | Peloso the Minotaur Fighter began the quest for the Orb.
     0 | D:1      | Reached XP level 1. HP: 19/19 MP: 0/0
    92 | D:1      | Reached XP level 2. HP: 27/27 MP: 1/1
   470 | D:1      | Reached XP level 3. HP: 25/33 MP: 2/2
  1077 | D:2      | Found a bloodstained altar of Trog.
  1637 | D:3      | Reached XP level 4. HP: 40/40 MP: 3/3
  1836 | D:3      | Reached skill level 1 in Dodging
  1999 | D:3      | Noticed an ancient zyme
  2011 | D:3      | Noticed a small abomination
  2013 | D:3      | Found a one-way gate to the infinite horrors of the Abyss.
  2020 | D:3      | Found a transporter.
  2026 | D:3      | Found a transporter.
  2124 | D:3      | Noticed paps's ghost (amateur OpFi)
  2127 | D:3      | Noticed a kobold brigand
  2599 | D:4      | Reached XP level 5. HP: 30/47 MP: 4/4
  2789 | D:4      | Reached skill level 5 in Armour
  3058 | D:4      | Found a staircase to the Ecumenical Temple.
  3240 | D:4      | Found an ornate altar of the Wu Jian Council.
  3287 | Temple   | Entered the Ecumenical Temple
  3349 | Temple   | Became a worshipper of Warmaster Okawaru
  3387 | D:5      | Entered Level 5 of the Dungeon
  3573 | D:5      | Noticed an ice beast
  3582 | D:5      | Killed an ice beast
  3583 | D:5      | Reached XP level 6. HP: 39/53 MP: 5/5
  3588 | D:5      | Reached skill level 5 in Long Blades
  3689 | D:5      | Reached * piety under Okawaru
  3932 | D:5      | Reached XP level 7. HP: 42/60 MP: 6/6
  5007 | D:6      | Noticed Dowan
  5007 | D:6      | Noticed Duvessa
  5031 | D:6      | Killed Dowan
  5031 | D:6      | Reached ** piety under Okawaru
  5044 | D:6      | Killed Duvessa
  5045 | D:6      | Reached skill level 5 in Fighting
  5337 | D:6      | Noticed a steam dragon
  5347 | D:6      | Killed a steam dragon
  5348 | D:6      | Reached XP level 8. HP: 39/68 MP: 4/7
  5742 | D:6      | Reached skill level 5 in Shields
  5959 | D:6      | Noticed Prince Ribbit
  5977 | D:6      | Killed Prince Ribbit
  5977 | D:6      | Reached *** piety under Okawaru
  6501 | D:7      | Noticed a hornet
  6738 | D:7      | Paralysed by a hornet for 3 turns
  6745 | D:6      | Killed a hornet
  6746 | D:6      | Reached skill level 1 in Stealth
  6746 | D:6      | Reached XP level 9. HP: 62/75 MP: 5/8
  6989 | D:7      | Identified the +6 whip of Radicalism {vamp, Dex+5}
  7031 | D:7      | Reached **** piety under Okawaru
  7036 | D:7      | HP: 1/78 [vampire mosquito (6)]
  7041 | D:7      | HP: 2/78 [vampire mosquito (9)]
  7043 | D:7      | Slain by a vampire mosquito

Illustrated notes

Levels and vault maps discovered:
D:1:      evilmike_arrival_crescent, layout_rooms, nicolae_figureground_sparkle
D:2:      layout_loops_ring, basic_altar, minmay_crystal_room, minivault_11
D:3:      layout_basic, gammafunk_ghost_abyssal_escape
D:4:      layout_basic, nicolae_wu_jian_glorious_leap, temple_doors_e
D:5:      nicolae_cairo_tiling, layout_basic
D:6:      layout_basic, uniq_duvessa, uniq_prince_ribbit1
D:7:      layout_cave_pools
Temple:   roderic_octagonal_lattice_temple

Skill      XL: |  1  2  3  4  5  6  7  8  9 |
---------------+----------------------------+-----
Armour         | 4 5 6 7 8 9 |  9.4
Shields        | 4 5 |  5.5
Fighting       | 4 5 6 |  6.6
Long Blades    | 3 4 5 7 8 9 |  9.1
Dodging        | 1 2 3 4 |  4.0
Stealth        | 1 |  1.1
Invocations    | |  0.7

Action                   |  1- 3 |  4- 6 |  7- 9 || total
-------------------------+-------+-------+-------++-------
Melee: Long sword        |    84 |   101 |   170 ||   355
       Headbutt          |    11 |    19 |    27 ||    57
Invok: Heroism           |       |       |     5 ||     5
  Use: Potion            |       |     6 |     2 ||     8
       Scroll            |       |     3 |     3 ||     6
Armor: Scale mail        |    67 |    55 |    63 ||   185
Dodge: Dodged            |    57 |    65 |    84 ||   206
Block: Buckler           |    15 |    32 |    46 ||    93

Table legend: (Time is in decaauts)
 A = Elapsed time spent in this place.
 B = Non-inter-level travel time spent in this place.
 C = Inter-level travel time spent in this place.
 D = Time resting spent in this place.
 E = Time spent auto-exploring this place.
 F = Levels seen in this place.
 G = Mean time per level.
                   A        B        C        D        E       F      G
               +--------+--------+--------+--------+--------+-----+--------+
         Total |   7099 |   6945 |    154 |    211 |   5595 |   8 |  887.4 |
       Dungeon |   7019 |   6865 |    154 |    211 |   5546 |   7 | 1002.7 |
        Temple |     79 |     79 |      0 |      0 |     49 |   1 |   79.0 |
               +--------+--------+--------+--------+--------+-----+--------+

Top non-repeatable levels by time:
     D:6: 1939 daAuts
     D:5: 1274 daAuts
     D:3: 868 daAuts
     D:1: 867 daAuts
     D:4: 829 daAuts
     D:2: 784 daAuts
     D:7: 456 daAuts
  Temple: 79 daAuts
